 Dungeon Crawl Stone Soup version 0.29-a0-825-g72347fce65 (webtiles) character file.

Game seed: 5187268338491351240

1609 27snakeeyes612 the Covert (level 8, -2/36 HPs)
             Began as a Spriggan Enchanter on July 11, 2022.
             Was an Initiate of Dithmenos.
             Slain by a manticore (10 damage)
             ... on level 6 of the Dungeon.
             The game lasted 00:12:43 (8262 turns).

27snakeeyes612 the Covert (Spriggan Enchanter)      Turns: 8262, Time: 00:12:44

Health: -2/36      AC:  4    Str: 10    XL:     8   Next: 63%
Magic:  2/18       EV: 20    Int: 17    God:    Dithmenos [......]
Gold:   267        SH:  5    Dex: 15    Spells: 14/19 levels left

rFire   . . .      SeeInvis +   a - +1 dagger
rCold   . . .      Faith    .   (no shield)
rNeg    . . .      Spirit   .   b - +1 robe
rPois   +          Reflect  +   (helmet restricted)
rElec   .          Harm     .   (no cloak)
rCorr   +          Rampage  .   (gloves unavailable)
Will    +....                   (boots unavailable)
Stlth   ++++......              s - amulet of reflection
HPRegen 0.12/turn               k - ring of Zeodar {rCorr Str+6 Dex-2}
MPRegen 0.16/turn               (no ring)

@: very quick
A: very small, no large weapons, unfitting armour, see invisible, speed 3,
poison resistance, shaggy fur 1
a: Renounce Religion


You were on level 6 of the Dungeon.
You worshipped Dithmenos.
Dithmenos was noncommittal.
You visited 1 branch of the dungeon, and saw 6 of its levels.
You also visited: Sewer.

You collected 267 gold pieces.

Inventory:

Hand Weapons
 a - a +1 dagger (weapon)
 i - a +0 short sword
Armour
 b - a +1 robe (worn)
Jewellery
 k - the ring of Zeodar (left hand) {rCorr Str+6 Dex-2}
   (You found it on level 3 of the Dungeon)

   [ring of resist corrosion]

   Str:       It affects your strength (+6).
   Dex:       It affects your dexterity (-2).
   rCorr:     It protects you from acid and corrosion.
 m - an amulet of the acrobat
 s - an amulet of reflection (around neck)
Wands
 d - a wand of charming (6)
Scrolls
 e - a scroll of identify
 h - 2 scrolls of silence
 o - a scroll of fear
 r - a scroll of magic mapping
Potions
 c - 2 potions of invisibility
 f - 3 potions of heal wounds
 g - 3 potions of flight
 j - a potion of haste
 l - 3 potions of brilliance
 n - 3 potions of degeneration
 p - a potion of might
 q - a potion of lignification


   Skills:
 + Level 5.0 Short Blades
 + Level 6.5 Dodging
 + Level 8.4 Stealth
 + Level 6.1 Spellcasting
 + Level 6.6 Hexes
 - Level 2.7 Ice Magic


You had 14 spell levels left.
You knew the following spells:

 Your Spells              Type           Power      Damage    Failure   Level
a - Ensorcelled Hibernat  Hex/Ice        42%        N/A       2%          2
b - Confusing Touch       Hex            27%        N/A       2%          3

Your spell library contained the following spells:

 Spells                   Type           Power      Damage    Failure   Level
 Tukima's Dance           Hex            27%        N/A       2%          3
 Dazzling Flash           Conj/Hex       32%        N/A       10%         3
 Summon Guardian Golem    Hex/Summ       16%        N/A       10%         3
 Apportation              Tloc           10%        N/A       13%         1
 Necrotise                Necr           20%        1d5       13%         1
 Shock                    Conj/Air       20%        1d4       13%         1
 Sting                    Tmut/Pois      20%        1d4       13%         1
 Summon Small Mammal      Summ           20%        N/A       13%         1
 Poisonous Vapours        Pois/Air       10%        N/A       19%         2
 Anguish                  Hex/Necr       8%         N/A       32%         4
 Gell's Gravitas          Tloc           5%         N/A       36%         3
 Lesser Beckoning         Tloc           5%         N/A       36%         3
 Spider Form              Tmut/Pois      5%         N/A       36%         3
 Swiftness                Air            5%         N/A       36%         3
 Teleport Other           Tloc           5%         N/A       36%         3
 Airstrike                Air            2%         0-2+      77%         4
 Olgreb's Toxic Radiance  Pois           5%         N/A       77%         4
 Orb of Destruction       Conj           2%         9d5       100%        7
 Spellforged Servitor     Conj/Summ      2%         N/A       100%        7


Dungeon Overview and Level Annotations

Branches:
Dungeon (6/15)              Sewer (visited)
 Temple: D:4-7

Altars:
Dithmenos
Fedhas
Makhleb
Okawaru
Ru
Yredelemnul

Shops:
D:6 (


Innate Abilities, Weirdness & Mutations

You are very small and have problems with some larger weapons.
You are too small for most types of armour.
You have supernaturally acute eyesight. (SInv)
You cover ground extremely quickly. (Speed+++)
Your system is resistant to poisons. (rPois)
You are covered in fur. (AC +1)


Message History

The bullfrog looks drowsy...
The helpless bullfrog fails to defend itself.
You perforate the bullfrog like a sieve!!!
You kill the bullfrog!
Dithmenos accepts your kill.
Aiming: Ensorcelled Hibernation (safe; 2% risk of failure)
Press: ? - help, Q - select action, (/) - cycle Shift-Dir - straight line, f - manticore
Aim: a manticore (chance to affect: 36%)
The manticore easily resists.
Aiming: Ensorcelled Hibernation (safe; 2% risk of failure)
Press: ? - help, Q - select action, (/) - cycle Shift-Dir - straight line, f/p - manticore
Aim: a manticore (chance to affect: 36%)
The manticore easily resists.
The manticore misses you. The manticore claws you!
The manticore claws you but does no damage.
Aiming: Ensorcelled Hibernation (safe; 2% risk of failure)
Press: ? - help, Q - select action, (/) - cycle Shift-Dir - straight line, f/p - manticore
Aim: a manticore (chance to affect: 36%)
The manticore looks drowsy...
The helpless manticore fails to defend itself.
You stick the manticore like a pincushion!!!
The manticore is almost dead.
You block the manticore's attack.
The manticore claws you but does no damage.
The manticore completely misses you.
You hit the manticore.
The manticore is almost dead.
The manticore closely misses you. You block the manticore's attack.
The manticore claws you.
You barely miss the manticore.
The manticore is almost dead.
You hit the manticore.
The manticore is almost dead.
You block the manticore's attack. x2; The manticore claws you!
You closely miss the manticore.
The manticore is almost dead.
The manticore misses you. The manticore claws you.
* * * LOW HITPOINT WARNING * * *
The manticore claws you!
You die...

#*###############
,,,..##.........#*######**
***#.##.#######)##.?.....**
####.##.#######.#...♣...♣,***
.........<....#.@H.......,,,*
#....##.###.#.###†♣...>..,*,*****
#.##.##.###.#,#*##.......,,,,,,,,
#.##.##.....#,,,,,..♣...♣,*,,****
#.#...#..####***,*##.....**,,,,,,
#...........#,,,,* *#####***,****
.∩..........#,*,** *,* *
........#...#,*,* *,* *
......#.#.....#,* *,* *


You could see a manticore.

Vanquished Creatures
  Edmund (D:5)
  A black bear (D:6)
  2 ogres (D:5)
  A centaur (D:5)
  A bullfrog (D:6)
  2 kobold brigands (Sewer)
  2 scorpions
  A necrophage (D:5)
  3 iron imps (D:3)
  An orc priest (D:3)
  5 hounds (D:5)
  2 iguanas
  Natasha (D:3)
  4 orc wizards
  11 adders
  8 gnolls
  2 river rats
  An ufetubus (D:4)
  2 worms
  5 dart slugs
  18 orcs
  7 ball pythons
  4 endoplasms
  6 giant cockroaches
  8 goblins
  6 hobgoblins
  2 jackals (Sewer)
  4 quokkas
  6 bats
  9 frilled lizards
  8 kobolds
  11 rats
145 creatures vanquished.

Vanquished Creatures (others)
  A plant (D:3)
1 creature vanquished.

Grand Total: 146 creatures vanquished

Notes
Turn   | Place    | Note
-------+----------+-------------------------------------------
     0 | D:1      | 27snakeeyes612 the Spriggan Enchanter began the quest for
                  | the Orb.
     0 | D:1      | Reached XP level 1. HP: 9/9 MP: 5/5
   391 | D:2      | Reached XP level 2. HP: 9/13 MP: 6/6
   394 | D:2      | Learned a level 2 spell: Ensorcelled Hibernation
  1062 | D:1      | Reached XP level 3. HP: 16/16 MP: 8/8
  1236 | D:1      | Found a faded altar of an unknown god.
  1700 | D:2      | Reached skill level 5 in Stealth
  1842 | D:2      | Reached XP level 4. HP: 8/21 MP: 3/9
  2420 | D:2      | Reached skill level 1 in Ice Magic
  3695 | D:3      | Found a burning altar of Makhleb.
  3765 | D:3      | Identified the ring of Zeodar {rCorr Str+6 Dex-2}
  3798 | D:3      | Reached XP level 5. HP: 22/24 MP: 5/11
  4268 | D:4      | Gained mutation: You are strong-willed. (Will+) [potion of
                  | mutation]
  4268 | D:4      | Gained mutation: Your spells are a little harder to cast,
                  | but a little more powerful. [potion of mutation]
  4268 | D:4      | Gained mutation: You are agile. (Dex +4, Str/Int -1)
                  | [potion of mutation]
  4306 | D:4      | Found a basalt altar of Yredelemnul.
  4347 | D:4      | Lost mutation: You are agile. (Dex +4, Str/Int -1) [potion
                  | of mutation]
  4347 | D:4      | Lost mutation: Your spells are a little harder to cast, but
                  | a little more powerful. [potion of mutation]
  4347 | D:4      | Lost mutation: You are strong-willed. (Will+) [potion of
                  | mutation]
  4347 | D:4      | Gained mutation: Your system is resistant to poisons.
                  | (rPois) [potion of mutation]
  4347 | D:4      | Gained mutation: You passively map a small area around you.
                  | [potion of mutation]
  4347 | D:4      | Lost mutation: You passively map a small area around you.
                  | [potion of mutation]
  4347 | D:4      | Gained mutation: You are covered in fur. (AC +1) [potion of
                  | mutation]
  4372 | D:4      | You fall into a shaft and drop 1 floor!
  4372 | D:5      | Entered Level 5 of the Dungeon
  4532 | D:5      | Noticed an ogre
  4571 | D:5      | Noticed an ogre
  4687 | D:5      | Found a glowing drain.
  4691 | Sewer    | Entered a sewer
  4780 | Sewer    | Reached XP level 6. HP: 11/28 MP: 4/12
  4826 | Sewer    | Reached skill level 6 in Stealth
  4964 | Sewer    | Found a white marble altar of Elyvilon.
  5135 | D:5      | Reached skill level 5 in Hexes
  5419 | D:5      | Reached XP level 7. HP: 18/32 MP: 14/14
  5784 | D:4      | Noticed Natasha
  6031 | D:3      | Killed Natasha
  6127 | D:3      | Learned a level 3 spell: Confusing Touch
  6139 | D:3      | Reached skill level 5 in Dodging
  6528 | D:4      | Reached skill level 7 in Stealth
  6528 | D:4      | Reached skill level 5 in Spellcasting
  7000 | D:5      | Reached XP level 8. HP: 17/36 MP: 11/16
  7183 | D:5      | Noticed Edmund
  7232 | D:5      | Killed Edmund
  7453 | D:5      | Reached skill level 8 in Stealth
  7487 | D:5      | Found a sacrificial altar of Ru.
  7515 | D:5      | Found a shadowy altar of Dithmenos.
  7664 | D:5      | Became a worshipper of Dithmenos the Shadowed
  8058 | D:6      | Found Vowyafoq's Weapon Shoppe.
  8087 | D:6      | Found an iron altar of Okawaru.
  8155 | D:6      | Found a blossoming altar of Fedhas.
  8229 | D:6      | Noticed a manticore
  8251 | D:6      | Reached skill level 5 in Short Blades
  8262 | D:6      | Slain by a manticore

Illustrated notes

Levels and vault maps discovered:
D:1:      onia_arrival_mini_spirals, layout_basic,
          shapermc_ecumenical_altar_mp_vishouse, minivault_25
D:2:      layout_basic, minmay_quantized
D:3:      layout_rooms, demons_altar, serial_forest, infiniplex_forest_end_3,
          infiniplex_forest_clump_curved, infiniplex_forest_clump_small,
          infiniplex_forest_clump_small, infiniplex_forest_straight_1,
          infiniplex_forest_straight_2
D:4:      layout_basic, yredelemnul_altar_generic, uniq_natasha
D:5:      layout_basic, kennysheep_mini_moat, grunt_dithmenos_smoke_and_mirrors,
          gup_sewer_entry_bowl, minmay_fractal_squares_gapless_5, uniq_edmund
D:6:      layout_loops_ring, mainiacjoe_overflow_large_starburst, serial_shops,
          shop, grunt_ministairs_2, nicolae_figureground_pulse,
          uniq_crazy_yiuf_cottage

Skill      XL: |  1  2  3  4  5  6  7  8 |
---------------+-------------------------+-----
Dodging        | 3 4 5 6 |  6.5
Spellcasting   | 3 4 5 6 |  6.1
Hexes          | 4 5 6 |  6.6
Stealth        | 5 6 7 8 |  8.4
Short Blades   | 2 3 4 5 |  5.0
Ice Magic      | 1 2 |  2.7

Action                   |  1- 3 |  4- 6 |  7- 9 || total
-------------------------+-------+-------+-------++-------
Melee: Dagger            |   130 |   193 |   194 ||   517
       Punch             |       |     2 |     5 ||     7
 Cast: Ensorcelled Hiber |    16 |    66 |    44 ||   126
       Confusing Touch   |       |       |     7 ||     7
  Use: Scroll            |       |    11 |     5 ||    16
       Potion            |       |     4 |     1 ||     5
 Stab: Sleeping          |    16 |    38 |    27 ||    81
       Distracted        |     1 |       |       ||     1
       Confused          |       |       |     6 ||     6
Armor: Robe              |    10 |    24 |    21 ||    55
Dodge: Dodged            |   117 |   188 |   147 ||   452
Block: Other             |       |       |     6 ||     6

Table legend: (Time is in decaauts)
 A = Elapsed time spent in this place.
 B = Non-inter-level travel time spent in this place.
 C = Inter-level travel time spent in this place.
 D = Time resting spent in this place.
 E = Time spent auto-exploring this place.
 F = Levels seen in this place.
 G = Mean time per level.
                   A        B        C        D        E       F      G
               +--------+--------+--------+--------+--------+-----+--------+
         Total |   6536 |   6364 |    172 |   1744 |   3126 |   7 |  933.7 |
       Dungeon |   6227 |   6055 |    172 |   1657 |   3098 |   6 | 1037.8 |
         Sewer |    308 |    308 |      0 |     87 |     27 |   1 |  308.0 |
               +--------+--------+--------+--------+--------+-----+--------+

Top non-repeatable levels by time:
     D:3: 1510 daAuts
     D:5: 1500 daAuts
     D:2: 1450 daAuts
     D:1: 911 daAuts
     D:4: 704 daAuts
   Sewer: 308 daAuts
     D:6: 149 daAuts
